[Event "3rd Memorial Warakomska 2019"]
[Site "Suwalki"]
[Date "2019.08.07"]
[Round "3.44"]
[White "Advait, Bagri"]
[Black "Sanz Wawer, Daniel"]
[Result "0-1"]
[ECO "B18"]
[WhiteElo "1968"]
[BlackElo "2154"]
[Annotator "ChessBase"]
[PlyCount "90"]
[EventDate "2019.08.05"]
[EventType "swiss"]
[EventCountry "POL"]
[SourceTitle "playchess.com"]
[Source "ChessBase"]
[SourceQuality "1"]
[TimeControl "40/5400+30:1800+30"]

1. e4 c6 2. d4 d5 3. Nc3 dxe4 4. Nxe4 Bf5 5. Ng3 Bg6 6. h4 h6 7. Nf3 e6 8. h5 Bh7 9. Bd3 Bxd3 10. Qxd3 Nf6 11. Bd2 c5 12. O-O-O Nc6 13. Qb5 Qb6 14. Qa4 O-O-O 15. Ne5 Rxd4 16. Nc4 Qa6 17. Qxa6 bxa6 18. b3 Be7 19. Bc3 Rxd1+ 20. Rxd1 Rd8 21. Ne5 Rxd1+ 22. Kxd1 Nxe5 23. Bxe5 Ne8 24. c4 Bd6 25. f4 f6 26. Bxd6 Nxd6 27. Kd2 Kd7 28. Kd3 f5 29. a3 a5 30. Kc3 Ke7 31. b4 axb4+ 32. axb4 Ne4+ 33. Nxe4 cxb4+ 34. Kd4 fxe4 35. Kxe4 b3 36. Kd3 a5 37. Kc3 a4 38. Kb2 Kd6 39. Kc3 Kc5 40. g3 Kc6 41. g4 Kc5 42. f5 exf5 43. gxf5 Kc6 44. Kb2 Kd6 45. Kc3 Kc5 {[%emt 0:00:07] Kd4+} 0-1

[Event "3rd Memorial Warakomska 2019"]
[Site "Suwalki"]
[Date "2019.08.07"]
[Round "3.45"]
[White "Oborski, Artur"]
[Black "Kumala, Aleksander"]
[Result "1/2-1/2"]
[ECO "A40"]
[WhiteElo "1969"]
[BlackElo "2184"]
[Annotator "NA"]
[PlyCount "110"]
[EventDate "2019.08.05"]
[EventType "swiss"]
[EventCountry "POL"]
[SourceTitle "playchess.com"]
[Source "ChessBase"]
[SourceQuality "1"]
[TimeControl "40/5400+30:1800+30"]

1. d4 e6 2. c4 b6 3. a3 Bb7 4. Nc3 f5 5. Nf3 Nf6 6. g3 Be7 7. Bg2 Ne4 8. Bd2 Nxd2 9. Qxd2 O-O 10. d5 a5 11. O-O Na6 12. Rad1 Qe8 13. Nd4 e5 14. d6 Bxg2 15. dxe7 Qxe7 16. Nxf5 Rxf5 17. Kxg2 Rd8 18. Qd5+ Qf7 19. Qb7 Qxc4 20. Rxd7 Rxd7 21. Qc8+ Rf8 22. Qxd7 Qf7 23. Qxf7+ Kxf7 24. Ne4 h6 25. Kf3 Ke6+ 26. Ke3 Nc5 27. Nxc5+ bxc5 28. Rd1 Rb8 29. Rd2 c4 30. Ke4 a4 31. Rc2 c3 32. Rxc3 Rxb2 33. e3 Kd6 34. f4 exf4 35. gxf4 g6 36. Rc4 Rxh2 37. Rxa4 h5 38. Ra5 Rg2 39. Rd5+ Ke6 40. a4 Ra2 41. Re5+ Kf6 42. a5 h4 43. Rc5 h3 44. Rc6+ Kf7 45. Rxc7+ Kg8 46. Rc1 Rxa5 47. Rh1 Rh5 48. Kf3 Kf7 49. Kg3 Kf6 50. e4 g5 51. fxg5+ Rxg5+ 52. Kxh3 Rh5+ 53. Kg2 Rxh1 54. Kxh1 Ke5 55. Kg2 Kxe4 1/2-1/2

[Event "3rd Memorial Warakomska 2019"]
[Site "Suwalki"]
[Date "2019.08.07"]
[Round "3.46"]
[White "Korbal, Arkadiusz"]
[Black "Czarniecka, Aleksandra"]
[Result "1/2-1/2"]
[ECO "A41"]
[WhiteElo "2178"]
[BlackElo "2042"]
[Annotator "NA"]
[PlyCount "106"]
[EventDate "2019.08.05"]
[EventType "swiss"]
[EventCountry "POL"]
[SourceTitle "playchess.com"]
[Source "ChessBase"]
[SourceQuality "1"]
[TimeControl "40/5400+30:1800+30"]

1. d4 d6 2. c4 e5 3. Nf3 e4 4. Ng5 f5 5. g3 Nf6 6. Bg2 Be7 7. O-O O-O 8. Nc3 c6 9. d5 h6 10. Nh3 Nbd7 11. f3 exf3 12. exf3 Ne5 13. b3 Qb6+ 14. Kh1 Bd7 15. Re1 Rae8 16. Nf4 Qc7 17. Bb2 Bd8 18. Rc1 Nf7 19. Nce2 Kh7 20. Nd4 Rxe1+ 21. Qxe1 Re8 22. Qd2 c5 23. Nde6 Bxe6 24. Nxe6 Qd7 25. Bh3 g6 26. Qc3 Ng5 27. Nxd8 Qxd8 28. Bg2 Kg7 29. Re1 Rxe1+ 30. Qxe1 Qd7 31. h4 Ngh7 32. Qe3 g5 33. Bf1 Kf7 34. Bh3 g4 35. fxg4 fxg4 36. Bg2 h5 37. Kh2 Qf5 38. a3 Nf8 39. b4 b6 40. Qb3 N8d7 41. Bc1 Kg6 42. Bf4 Ne5 43. bxc5 bxc5 44. Bxe5 Qxe5 45. Qb8 Qe7 46. a4 Ne8 47. a5 Ng7 48. Qb1+ Nf5 49. Be4 Qe5 50. Qd3 Kf6 51. Bxf5 Qxf5 52. Qe3 Qc2+ 53. Kg1 Qd1+ 1/2-1/2

[Event "3rd Memorial Warakomska 2019"]
[Site "Suwalki"]
[Date "2019.08.07"]
[Round "3.48"]
[White "Iturrizaga Bonelli, Eduardo"]
[Black "Nowak, Lukasz"]
[Result "1-0"]
[ECO "A18"]
[WhiteElo "2625"]
[BlackElo "2264"]
[Annotator "RC"]
[PlyCount "81"]
[EventDate "2019.08.05"]
[EventType "swiss"]
[EventCountry "POL"]
[SourceTitle "playchess.com"]
[Source "ChessBase"]
[SourceQuality "1"]
[TimeControl "40/5400+30:1800+30"]

1. c4 Nf6 2. Nc3 e6 3. e4 d5 4. e5 d4 5. exf6 dxc3 6. fxg7 cxd2+ 7. Bxd2 Bxg7 8. Qc2 Nc6 9. Nf3 Qe7 10. Bc3 Bxc3+ 11. Qxc3 Qb4 12. Kd2 b6 13. Qxb4 Nxb4 14. Kc3 Nc6 15. Bd3 Bb7 16. Be4 O-O-O 17. Rhe1 Rhg8 18. g3 Ne7 19. Ne5 Rg7 20. Nd3 Bxe4 21. Rxe4 Nf5 22. Rae1 Rgg8 23. Ne5 Rdf8 24. Rf4 Nd6 25. Rf6 a5 26. h4 Kd8 27. g4 Ke7 28. g5 Ne8 29. Rd1 Nd6 30. f3 Rg7 31. Kd3 Rh8 32. Rh6 Nf5 33. Ke4 Nd6+ 34. Kf4 Rf8 35. b3 f6 36. Nc6+ Ke8 37. Rxf6 Rxf6+ 38. gxf6 Rg6 39. Ke5 Kd7 40. f7 Kxc6 41. f8=Q {[%emt 0:00:36] Kd5+ Ke4+} 1-0

[Event "3rd Memorial Warakomska 2019"]
[Site "Suwalki"]
[Date "2019.08.07"]
[Round "4.1"]
[White "Kaczmarek, Aleksander"]
[Black "Goluch, Piotr"]
[Result "1-0"]
[ECO "B12"]
[WhiteElo "2389"]
[BlackElo "2386"]
[Annotator "ChessBase"]
[PlyCount "126"]
[EventDate "2019.08.05"]
[EventType "swiss"]
[EventCountry "POL"]
[SourceTitle "playchess.com"]
[Source "ChessBase"]
[SourceQuality "1"]
[TimeControl "40/5400+30:1800+30"]

1. e4 c6 2. d4 d5 3. e5 Bf5 4. c4 e6 5. Nc3 Nd7 6. a3 Ne7 7. c5 Bg6 8. h4 h5 9. Bd3 Bxd3 10. Qxd3 b6 11. b4 a5 12. Rb1 axb4 13. axb4 Qc8 14. Nge2 Nf5 15. Ng3 Nxg3 16. fxg3 bxc5 17. bxc5 Qa6 18. Qxa6 Rxa6 19. O-O f6 20. exf6 gxf6 21. Be3 e5 22. Ra1 Rxa1 23. Rxa1 Rg8 24. Ra8+ Kf7 25. Ra7 exd4 26. Bxd4 Ke6 27. Rc7 Ne5 28. Ne2 Rg4 29. Bf2 d4 30. Nxd4+ Kd5 31. Ne2 Rc4 32. Rc8 Bxc5 33. Bxc5 Rxc5 34. Kf2 Ke4 35. Ra8 Nd3+ 36. Kg1 Ke3 37. Nf4 Rc1+ 38. Kh2 Nxf4 39. gxf4 Kxf4 40. Rh8 Rc5 41. Rc8 Ke4 42. Kg3 f5 43. Kh2 f4 44. Kh3 Rc2 45. Rh8 Rc5 46. Rc8 Rc3+ 47. Kh2 Kf5 48. Rg8 Rg3 49. Rc8 Rg6 50. Kh3 Re6 51. Rg8 Ke4 52. Rc8 Ke3 53. Rf8 Re5 54. g4 fxg3 55. Kxg3 c5 56. Rc8 Kd4 57. Kf3 c4 58. Rd8+ Rd5 59. Rc8 Kd3 60. Kf2 c3 61. Re8 c2 62. Re3+ Kd2 63. Re2+ Kc3 1-0

[Event "3rd Memorial Warakomska 2019"]
[Site "Suwalki"]
[Date "2019.08.07"]
[Round "4.2"]
[White "Markowski, Tomasz"]
[Black "Janik, Igor"]
[Result "1-0"]
[ECO "A47"]
[WhiteElo "2537"]
[BlackElo "2495"]
[Annotator "ChessBase"]
[PlyCount "105"]
[EventDate "2019.08.05"]
[EventType "swiss"]
[EventCountry "POL"]
[SourceTitle "playchess.com"]
[Source "ChessBase"]
[SourceQuality "1"]
[TimeControl "40/5400+30:1800+30"]

1. d4 Nf6 2. Nf3 b6 3. e3 Bb7 4. b3 c5 5. Bb2 cxd4 6. exd4 g6 7. Bd3 Bg7 8. O-O O-O 9. Re1 d6 10. Nbd2 Nc6 11. a3 a5 12. Nf1 a4 13. b4 d5 14. Ng3 Na7 15. Qe2 e6 16. h4 Nc8 17. h5 Nd6 18. Ne5 Nfe4 19. Bxe4 Nxe4 20. Nxe4 dxe4 21. hxg6 hxg6 22. c4 Rc8 23. Rac1 Bxe5 24. dxe5 Qd3 25. Qe3 Qxe3 26. fxe3 Rc6 27. b5 Rc7 28. Bd4 Rfc8 29. Bxb6 Rxc4 30. Rxc4 Rxc4 31. Bd4 Kf8 32. Rb1 Ke8 33. b6 Kd7 34. Kh2 Rc8 35. Kg3 Bc6 36. Kg4 Rh8 37. Rf1 Rh7 38. Rc1 Rh2 39. Kg3 Rh5 40. Rc5 Rh8 41. Kg4 Rb8 42. Rc1 Rh8 43. Rc2 Rh2 44. Kg5 Rh5+ 45. Kf6 Rf5+ 46. Kg7 g5 47. g4 Rf1 48. Rc5 Rg1 49. Ra5 Rxg4 50. Ra7+ Kd8 51. Bc5 Rg1 52. Rc7 Bd5 53. Kf8 1-0

[Event "3rd Memorial Warakomska 2019"]
[Site "Suwalki"]
[Date "2019.08.07"]
[Round "4.3"]
[White "Galperin, Platon"]
[Black "Nasuta, Grzegorz"]
[Result "1/2-1/2"]
[ECO "D71"]
[WhiteElo "2445"]
[BlackElo "2529"]
[Annotator "ChessBase"]
[PlyCount "22"]
[EventDate "2019.08.05"]
[EventType "swiss"]
[EventCountry "POL"]
[SourceTitle "playchess.com"]
[Source "ChessBase"]
[SourceQuality "1"]
[TimeControl "40/5400+30:1800+30"]

1. d4 Nf6 2. c4 g6 3. g3 c6 4. Bg2 d5 5. cxd5 cxd5 6. Nf3 Bg7 7. Nc3 Ne4 8. Qa4+ Nc6 9. Ne5 Nxc3 10. bxc3 Be6 11. Nxc6 Qd7 1/2-1/2

[Event "3rd Memorial Warakomska 2019"]
[Site "Suwalki"]
[Date "2019.08.07"]
[Round "4.4"]
[White "Caspi, Israel"]
[Black "Shyam, Sundar M."]
[Result "1/2-1/2"]
[ECO "B90"]
[WhiteElo "2458"]
[BlackElo "2520"]
[Annotator "ChessBase"]
[PlyCount "77"]
[EventDate "2019.08.05"]
[EventType "swiss"]
[EventCountry "POL"]
[SourceTitle "playchess.com"]
[Source "ChessBase"]
[SourceQuality "1"]
[TimeControl "40/5400+30:1800+30"]

1. e4 c5 2. Nf3 d6 3. d4 cxd4 4. Nxd4 Nf6 5. Nc3 a6 6. f3 e5 7. Nb3 Be6 8. Be3 h5 9. Qd2 Nbd7 10. Nd5 Bxd5 11. exd5 g6 12. Be2 Bg7 13. O-O b6 14. Rac1 O-O 15. h3 Re8 16. c4 Nh7 17. Na1 Bf6 18. Nc2 Bg5 19. Bxg5 Qxg5 20. Qxg5 Nxg5 21. h4 Nh7 22. g4 hxg4 23. fxg4 Kg7 24. Rf2 Rh8 25. Rcf1 Raf8 26. Ne3 Nhf6 27. Rh2 Rh7 28. Kg2 Rfh8 29. Rfh1 Ng8 30. Bd3 Ne7 31. Kg3 b5 32. cxb5 Nc5 33. Bc2 axb5 34. Rf1 Nd7 35. a3 Nb6 36. Rhf2 Kg8 37. h5 Nbxd5 38. Nxd5 Nxd5 39. Rd1 1/2-1/2

[Event "3rd Memorial Warakomska 2019"]
[Site "Suwalki"]
[Date "2019.08.07"]
[Round "4.5"]
[White "Cukrowski, Filip"]
[Black "Zakhartsov, Viacheslav V."]
[Result "0-1"]
[ECO "B50"]
[WhiteElo "2421"]
[BlackElo "2518"]
[Annotator "ChessBase"]
[PlyCount "78"]
[EventDate "2019.08.05"]
[EventType "swiss"]
[EventCountry "POL"]
[SourceTitle "playchess.com"]
[Source "ChessBase"]
[SourceQuality "1"]
[TimeControl "40/5400+30:1800+30"]

1. e4 c5 2. Nf3 d6 3. c3 Nf6 4. Be2 g6 5. O-O Bg7 6. Bb5+ Bd7 7. Bxd7+ Nbxd7 8. Re1 Ne5 9. d4 Nxf3+ 10. Qxf3 Nd7 11. dxc5 Nxc5 12. Nd2 Qb6 13. Nc4 Qc6 14. Qe2 Rc8 15. f3 O-O 16. Ne3 e6 17. Nc2 Qb6 18. Kh1 Na4 19. Nb4 a6 20. Be3 Qc7 21. Rac1 a5 22. Nd3 b5 23. Qf2 Qb7 24. e5 dxe5 25. b3 Rfd8 26. Qf1 e4 27. fxe4 Nxc3 28. e5 b4 29. Nc5 Qd5 30. Qf2 Bxe5 31. Bg5 Bd4 32. Qh4 Bxc5 33. Bxd8 Qxd8 34. Qg4 Qd5 35. Qf4 Bd4 36. Rf1 e5 37. Qh4 e4 38. Qe7 Bc5 39. Qf6 e3 0-1

[Event "3rd Memorial Warakomska 2019"]
[Site "Suwalki"]
[Date "2019.08.07"]
[Round "4.6"]
[White "Grib, Roman"]
[Black "Sadzikowski, Daniel"]
[Result "0-1"]
[ECO "B19"]
[WhiteElo "2421"]
[BlackElo "2503"]
[Annotator "ChessBase"]
[PlyCount "94"]
[EventDate "2019.08.05"]
[EventType "swiss"]
[EventCountry "POL"]
[SourceTitle "playchess.com"]
[Source "ChessBase"]
[SourceQuality "1"]
[TimeControl "40/5400+30:1800+30"]

1. e4 c6 2. d4 d5 3. Nc3 dxe4 4. Nxe4 Bf5 5. Ng3 Bg6 6. h4 h6 7. Nf3 Nd7 8. h5 Bh7 9. Bd3 Bxd3 10. Qxd3 e6 11. Bf4 Qa5+ 12. Bd2 Bb4 13. c3 Be7 14. c4 Qb6 15. Bc3 Ngf6 16. O-O-O O-O 17. Kb1 Rad8 18. Qe2 Bb4 19. Bxb4 Qxb4 20. a3 Qa5 21. Ne5 c5 22. Rh4 Nxe5 23. Qxe5 Qa4 24. Rc1 cxd4 25. Rxd4 Rd7 26. Ka2 Rfd8 27. Rxd7 Qxd7 28. Ne4 Ng4 29. Qg3 f5 30. f3 Qd4 31. fxg4 Qxe4 32. g5 f4 33. Qg4 hxg5 34. Qxg5 Rd2 35. Qb5 Rxg2 36. h6 gxh6 37. Rd1 Kh7 38. Qb4 f3 39. Re1 Qf5 40. Qxb7+ Rg7 41. Qc6 f2 42. Rf1 e5 43. Qd5 Rf7 44. c5 e4 45. Qc4 e3 46. c6 Rc7 47. b3 Qg6 0-1

[Event "3rd Memorial Warakomska 2019"]
[Site "Suwalki"]
[Date "2019.08.07"]
[Round "4.7"]
[White "Zakhartsov, Vladimir"]
[Black "Hnydiuk, Aleksander"]
[Result "1/2-1/2"]
[ECO "A58"]
[WhiteElo "2493"]
[BlackElo "2412"]
[Annotator "ChessBase"]
[PlyCount "68"]
[EventDate "2019.08.05"]
[EventType "swiss"]
[EventCountry "POL"]
[SourceTitle "playchess.com"]
[Source "ChessBase"]
[SourceQuality "1"]
[TimeControl "40/5400+30:1800+30"]

1. d4 Nf6 2. c4 c5 3. d5 b5 4. cxb5 a6 5. bxa6 g6 6. Nc3 Bg7 7. Nf3 O-O 8. g3 d6 9. Bg2 Nbd7 10. O-O Nb6 11. Re1 Bxa6 12. Bf4 Nh5 13. Bg5 h6 14. Bc1 Nf6 15. Nd2 Bb7 16. e4 Nfd7 17. Qc2 Ne5 18. f4 Nec4 19. Ndb1 Na5 20. Na3 Nac4 21. Nab1 Na5 22. Kh1 Qd7 23. Nd2 Rfc8 24. Rb1 Nac4 25. Nxc4 Nxc4 26. e5 dxe5 27. fxe5 Nxe5 28. Bf4 Ng4 29. h3 Nf6 30. Qd2 Nh5 31. Bxh6 Nxg3+ 32. Kg1 Bd4+ 33. Kh2 Nh5 34. Be3 Qd6+ 1/2-1/2

[Event "3rd Memorial Warakomska 2019"]
[Site "Suwalki"]
[Date "2019.08.07"]
[Round "4.8"]
[White "Tihonov, Jurij"]
[Black "Pavlov, Sergey"]
[Result "1/2-1/2"]
[ECO "A15"]
[WhiteElo "2393"]
[BlackElo "2486"]
[Annotator "ChessBase"]
[PlyCount "26"]
[EventDate "2019.08.05"]
[EventType "swiss"]
[EventCountry "POL"]
[SourceTitle "playchess.com"]
[Source "ChessBase"]
[SourceQuality "1"]
[TimeControl "40/5400+30:1800+30"]

1. c4 Nf6 2. Nf3 e6 3. e3 b6 4. b3 Bb7 5. Bb2 g6 6. g3 Bg7 7. Bg2 O-O 8. O-O d5 9. cxd5 exd5 10. Nc3 Nbd7 11. Rc1 a6 12. d4 Re8 13. Ne2 Ne4 1/2-1/2

[Event "3rd Memorial Warakomska 2019"]
[Site "Suwalki"]
[Date "2019.08.07"]
[Round "4.9"]
[White "Harsha Bharathakoti"]
[Black "Licznerski, Lukasz"]
[Result "1-0"]
[ECO "D90"]
[WhiteElo "2486"]
[BlackElo "2328"]
[Annotator "ChessBase"]
[PlyCount "95"]
[EventDate "2019.08.05"]
[EventType "swiss"]
[EventCountry "POL"]
[SourceTitle "playchess.com"]
[Source "ChessBase"]
[SourceQuality "1"]
[TimeControl "40/5400+30:1800+30"]

1. d4 Nf6 2. c4 g6 3. Nc3 d5 4. Nf3 Bg7 5. cxd5 Nxd5 6. Na4 O-O 7. e4 Nb6 8. Be3 Bg4 9. Nc5 Nc6 10. Nxb7 Qb8 11. Ba6 Nb4 12. Nc5 Bxf3 13. gxf3 Rd8 14. Qb3 Nxa6 15. Nxa6 Qc8 16. Nb4 Qh3 17. Ke2 Bxd4 18. Nc6 Bxe3 19. Nxd8 Rxd8 20. Qxe3 Qd7 21. Rhd1 Qb5+ 22. Ke1 Rd6 23. b3 Qe5 24. f4 Qh5 25. h3 e5 26. Rxd6 cxd6 27. fxe5 Qxe5 28. Rd1 h6 29. Qxh6 Qxe4+ 30. Qe3 Qh1+ 31. Ke2 Qc6 32. Qd4 Qb5+ 33. Kf3 Nd7 34. Qxd6 Qh5+ 35. Kg2 Ne5 36. Qd5 Qg5+ 37. Kh1 Qh5 38. Kh2 Qf5 39. Kg2 Qg5+ 40. Kf1 Qh5 41. h4 Qf5 42. Rd4 Qh3+ 43. Ke2 Qf5 44. Qe4 Qf6 45. Rd5 Nc6 46. Kf1 Kh7 47. Rh5+ Kg7 48. Rc5 1-0

[Event "3rd Memorial Warakomska 2019"]
[Site "Suwalki"]
[Date "2019.08.07"]
[Round "4.12"]
[White "Dhulipalla Bala Chandra Prasad"]
[Black "Stupak, Kirill"]
[Result "1/2-1/2"]
[ECO "A62"]
[WhiteElo "2419"]
[BlackElo "2560"]
[Annotator "ChessBase"]
[PlyCount "92"]
[EventDate "2019.08.05"]
[EventType "swiss"]
[EventCountry "POL"]
[SourceTitle "playchess.com"]
[Source "ChessBase"]
[SourceQuality "1"]
[TimeControl "40/5400+30:1800+30"]

1. d4 Nf6 2. c4 e6 3. g3 c5 4. d5 exd5 5. cxd5 d6 6. Bg2 g6 7. Nc3 Bg7 8. Nf3 O-O 9. O-O Re8 10. Bf4 Na6 11. Re1 Bf5 12. Nd2 Nh5 13. e4 Nxf4 14. gxf4 Bc8 15. Nc4 Bxc3 16. bxc3 b5 17. Nd2 Rb8 18. Qf3 Qh4 19. Qg3 Qxg3 20. hxg3 f6 21. a4 b4 22. Nc4 Rd8 23. e5 dxe5 24. fxe5 fxe5 25. Nxe5 bxc3 26. Nc6 Bf5 27. Rac1 c2 28. Ne7+ Kf8 29. Nxf5 gxf5 30. Rxc2 Nb4 31. Rc4 Nd3 32. Re6 Rb1+ 33. Kh2 Rb6 34. Re3 Rb4 35. Rxb4 Nxb4 36. Rc3 Na6 37. Bf1 Rd6 38. a5 Nb4 39. Rxc5 Nxd5 40. Bg2 Ne7 41. Bb7 Kf7 42. Kg2 Kf6 43. Bf3 h6 44. Rb5 Re6 45. Rb7 Ra6 46. Rb5 Re6 1/2-1/2

[Event "3rd Memorial Warakomska 2019"]
[Site "Suwalki"]
[Date "2019.08.07"]
[Round "4.13"]
[White "Kosakowski, Jakub"]
[Black "Czarnota, Pawel"]
[Result "1-0"]
[ECO "B51"]
[WhiteElo "2394"]
[BlackElo "2534"]
[Annotator "ChessBase"]
[PlyCount "139"]
[EventDate "2019.08.05"]
[EventType "swiss"]
[EventCountry "POL"]
[SourceTitle "playchess.com"]
[Source "ChessBase"]
[SourceQuality "1"]
[TimeControl "40/5400+30:1800+30"]

1. e4 c5 2. Nf3 d6 3. Bb5+ Nd7 4. Ba4 Ngf6 5. O-O g6 6. Re1 Bg7 7. c3 O-O 8. d4 e5 9. Nbd2 cxd4 10. cxd4 exd4 11. Nxd4 Nc5 12. Bc2 Re8 13. h3 Qb6 14. N4f3 Be6 15. Ng5 Rac8 16. a4 h6 17. Nxe6 Rxe6 18. Ra3 Rce8 19. Rae3 Qb4 20. Qf3 Nxa4 21. Bb3 R6e7 22. Nc4 Nb6 23. Bd2 Qc5 24. Na5 Qh5 25. Qxh5 Nxh5 26. Bb4 Bd4 27. Rf3 Nf6 28. e5 Rxe5 29. Rd1 Rxa5 30. Bxa5 Bxb2 31. Rxd6 Kg7 32. g3 Re7 33. Rd8 Rc7 34. Bb4 Rd7 35. Bf8+ Kh7 36. Rd3 Rxd3 37. Rxd3 Nfd7 38. Bb4 Kg7 39. Bc3+ Bxc3 40. Rxc3 Na8 41. Rc8 Nab6 42. Rc7 h5 43. Rxb7 a5 44. Ra7 a4 45. Bxa4 Nxa4 46. Rxd7 Nc5 47. Ra7 Ne6 48. Kg2 Kf6 49. h4 Nd4 50. Rd7 Ne6 51. Kf3 Kg7 52. Ra7 Nd4+ 53. Ke4 Nf5 54. Ra3 Nh6 55. Rf3 Ng4 56. Kd5 Nh6 57. Kd6 Kf8 58. Rf4 Kg7 59. f3 Ng8 60. Rc4 Kf6 61. g4 hxg4 62. fxg4 g5 63. h5 Nh6 64. Kd5 Ke7 65. Ke5 f6+ 66. Kd5 f5 67. gxf5 Nxf5 68. Ke5 Ng3 69. h6 Kf7 70. Rc7+ 1-0

[Event "3rd Memorial Warakomska 2019"]
[Site "Suwalki"]
[Date "2019.08.07"]
[Round "4.14"]
[White "Jakubowski, Krzysztof"]
[Black "Ashwath, R.."]
[Result "1-0"]
[ECO "A00"]
[WhiteElo "2528"]
[BlackElo "2365"]
[Annotator "ChessBase"]
[PlyCount "85"]
[EventDate "2019.08.05"]
[EventType "swiss"]
[EventCountry "POL"]
[SourceTitle "playchess.com"]
[Source "ChessBase"]
[SourceQuality "1"]
[TimeControl "40/5400+30:1800+30"]

1. g3 d5 2. Bg2 Nf6 3. f4 g6 4. Nf3 Bg7 5. O-O O-O 6. d3 c5 7. Qe1 d4 8. c3 Nc6 9. Na3 Rb8 10. Bd2 b6 11. h3 Bb7 12. g4 Nd5 13. Nc2 e6 14. c4 Nde7 15. a3 a6 16. b4 cxb4 17. axb4 b5 18. c5 f5 19. Qg3 Nd5 20. h4 Nf6 21. Bh3 Qd5 22. Nce1 Rbe8 23. Nh2 fxg4 24. Nxg4 Nh5 25. Qh2 e5 26. f5 e4 27. Nh6+ Kh8 28. dxe4 Qxe4 29. Bg2 Qxe2 30. Rf2 d3 31. Rxe2 Rxe2 32. Qd6 Rxd2 33. Bxc6 Bxc6 34. Rxa6 Be4 35. Ra7 Bxh6 36. Rxh7+ Kxh7 37. Qxg6+ Kh8 38. Qxh6+ Kg8 39. Qxd2 Rf7 40. Nxd3 Rd7 41. Qh6 Bxd3 42. Qxh5 Rf7 43. f6 1-0

[Event "3rd Memorial Warakomska 2019"]
[Site "Suwalki"]
[Date "2019.08.07"]
[Round "4.15"]
[White "Greenfeld, Alon"]
[Black "Szpar, Milosz"]
[Result "1/2-1/2"]
[ECO "A35"]
[WhiteElo "2522"]
[BlackElo "2289"]
[Annotator "ChessBase"]
[PlyCount "71"]
[EventDate "2019.08.05"]
[EventType "swiss"]
[EventCountry "POL"]
[SourceTitle "playchess.com"]
[Source "ChessBase"]
[SourceQuality "1"]
[TimeControl "40/5400+30:1800+30"]

1. Nf3 c5 2. c4 Nf6 3. Nc3 Nc6 4. d4 cxd4 5. Nxd4 g6 6. e4 d6 7. Be2 Nxd4 8. Qxd4 Bg7 9. Be3 O-O 10. Qd2 Be6 11. Rc1 Qa5 12. f3 Rfc8 13. b3 a6 14. Na4 Qxd2+ 15. Kxd2 Nd7 16. g4 f5 17. exf5 gxf5 18. h3 Rf8 19. f4 Rad8 20. Nc3 d5 21. cxd5 Nf6 22. Bb6 Nxd5 23. Bxd8 Rxd8 24. Nxd5 Bxd5 25. Rh2 Bxb3+ 26. Ke1 Bxa2 27. Bxa6 bxa6 28. Rxa2 Rd4 29. Ra5 fxg4 30. Rc8+ Kf7 31. Rf5+ Bf6 32. hxg4 e6 33. Rfc5 Bh4+ 34. Ke2 Rxf4 35. g5 Rg4 36. R5c7+ 1/2-1/2

[Event "3rd Memorial Warakomska 2019"]
[Site "Suwalki"]
[Date "2019.08.07"]
[Round "4.16"]
[White "Karthik Venkataraman"]
[Black "Kubicka, Anna"]
[Result "1/2-1/2"]
[ECO "D38"]
[WhiteElo "2480"]
[BlackElo "2202"]
[Annotator "ChessBase"]
[PlyCount "75"]
[EventDate "2019.08.05"]
[EventType "swiss"]
[EventCountry "POL"]
[SourceTitle "playchess.com"]
[Source "ChessBase"]
[SourceQuality "1"]
[TimeControl "40/5400+30:1800+30"]

1. d4 Nf6 2. c4 e6 3. Nf3 d5 4. Nc3 Bb4 5. e3 O-O 6. Bd2 b6 7. cxd5 exd5 8. Bd3 c5 9. a3 Bxc3 10. Bxc3 c4 11. Bc2 Bg4 12. Qb1 Bxf3 13. gxf3 Re8 14. O-O Nc6 15. Kh1 Qc7 16. Rg1 Ne7 17. Qf1 Ng6 18. Qg2 Qd7 19. Raf1 Kh8 20. f4 Rg8 21. f5 Ne7 22. Qg5 h6 23. Qf4 Nh7 24. Rg3 f6 25. f3 Rae8 26. e4 dxe4 27. fxe4 Nc6 28. Ba4 Ng5 29. d5 Rxe4 30. Qd2 Qe7 31. Bxc6 Rd8 32. Re1 Qd6 33. Rge3 Rh4 34. Bb4 Qc7 35. Qf2 Rh5 36. Re7 Qb8 37. Be8 Nh3 38. Qg2 1/2-1/2

[Event "3rd Memorial Warakomska 2019"]
[Site "Suwalki"]
[Date "2019.08.07"]
[Round "4.17"]
[White "Sernecki, Franciszek"]
[Black "Malakhatko, Vadim"]
[Result "0-1"]
[ECO "A40"]
[WhiteElo "2275"]
[BlackElo "2462"]
[Annotator "ChessBase"]
[PlyCount "104"]
[EventDate "2019.08.05"]
[EventType "swiss"]
[EventCountry "POL"]
[SourceTitle "playchess.com"]
[Source "ChessBase"]
[SourceQuality "1"]
[TimeControl "40/5400+30:1800+30"]

1. d4 g6 2. Nf3 Bg7 3. c4 d6 4. Nc3 e5 5. dxe5 dxe5 6. Qxd8+ Kxd8 7. g3 Be6 8. e4 f6 9. Be3 Nd7 10. O-O-O c6 11. Nd2 Kc7 12. b4 a5 13. b5 Bh6 14. f4 Bg4 15. Be2 Bxe2 16. Nxe2 Bf8 17. fxe5 fxe5 18. Rhf1 Bh6 19. Bg1 Ngf6 20. b6+ Kd6 21. Kc2 Ke6 22. Nc3 Ng4 23. Rfe1 a4 24. Nf3 Ngf6 25. Rd3 Bf8 26. Ng5+ Ke7 27. Red1 h6 28. Nf3 Ke6 29. g4 Bb4 30. g5 hxg5 31. Nxg5+ Ke7 32. Rf1 Rhf8 33. Rdf3 Bc5 34. Rh3 Bxg1 35. Rxg1 Nh5 36. Nf3 Nf4 37. Rhg3 Ra6 38. Nh4 Nxb6 39. Rxg6 Nxc4 40. Rg7+ Kd6 41. Rxb7 Kc5 42. Nf5 Rd8 43. Rd1 Rg8 44. Rc1 Rg2+ 45. Kb1 Nd3 46. Rd1 Nb4 47. Ng7 Rb2+ 48. Kc1 Rc2+ 49. Kb1 Na3+ 50. Ka1 Rxc3 51. Kb2 Rc2+ 52. Kxa3 Rxa2# 0-1

[Event "3rd Memorial Warakomska 2019"]
[Site "Suwalki"]
[Date "2019.08.07"]
[Round "4.18"]
[White "Matviishen, Viktor"]
[Black "Zakrzewski, Marek"]
[Result "1-0"]
[ECO "B47"]
[WhiteElo "2495"]
[BlackElo "2311"]
[Annotator "ChessBase"]
[PlyCount "77"]
[EventDate "2019.08.05"]
[EventType "swiss"]
[EventCountry "POL"]
[SourceTitle "playchess.com"]
[Source "ChessBase"]
[SourceQuality "1"]
[TimeControl "40/5400+30:1800+30"]

1. e4 c5 2. Nf3 e6 3. d4 cxd4 4. Nxd4 Nc6 5. Nc3 Qc7 6. Qd3 a6 7. Nxc6 bxc6 8. Qg3 d6 9. Be2 Nf6 10. O-O a5 11. b3 Ba6 12. Bxa6 Rxa6 13. Rd1 Ra8 14. Rd3 Rd8 15. Be3 h5 16. Bg5 Rd7 17. Re1 Be7 18. h3 Kf8 19. Bf4 h4 20. Qe3 Qd8 21. Na4 e5 22. Bh2 Rh5 23. Nb6 Rb7 24. Nc4 Qc7 25. Qd2 Rb4 26. a3 Rxc4 27. bxc4 Nd7 28. f4 Nc5 29. Rf3 f6 30. fxe5 dxe5 31. Kh1 Kf7 32. Bg1 Ne6 33. Rd3 Rg5 34. Rd7 Qc8 35. Qd6 Qe8 36. Rb1 Nf8 37. Rxe7+ Qxe7 38. Qxe7+ Kxe7 39. Bc5+ 1-0

[Event "3rd Memorial Warakomska 2019"]
[Site "Suwalki"]
[Date "2019.08.07"]
[Round "4.19"]
[White "Walter, Szymon"]
[Black "Warakomski, Tomasz"]
[Result "1/2-1/2"]
[ECO "C41"]
[WhiteElo "2314"]
[BlackElo "2497"]
[Annotator "ChessBase"]
[PlyCount "30"]
[EventDate "2019.08.05"]
[EventType "swiss"]
[EventCountry "POL"]
[SourceTitle "playchess.com"]
[Source "ChessBase"]
[SourceQuality "1"]
[TimeControl "40/5400+30:1800+30"]

1. e4 d6 2. d4 Nf6 3. Nc3 e5 4. Nf3 Nbd7 5. Rg1 c6 6. g4 exd4 7. Nxd4 Ne5 8. g5 Nfg4 9. Be2 Qb6 10. Rg2 h5 11. f3 g6 12. Na4 Qa5+ 13. Nc3 Qb6 14. Na4 Qa5+ 15. Nc3 Qb6 1/2-1/2